 Dungeon Crawl Stone Soup version 0.27.1-37-g7b29ead8ac (webtiles) character file.

Game seed: 11084098010622248529

205 cbfl8 the Shield-Bearer (level 5, -11/47 HPs)
             Began as a Minotaur Fighter on May 4, 2023.
             Mangled by an ogre (18 damage)
             ... on level 4 of the Dungeon.
             The game lasted 00:02:39 (3690 turns).

cbfl8 the Shield-Bearer (Minotaur Fighter)          Turns: 3690, Time: 00:02:40

Health: -11/47     AC: 12    Str: 20    XL:     5   Next: 53%
Magic:  4/4        EV:  4    Int:  5    God:
Gold:   135        SH: 10    Dex: 11    Spells: 4/4 levels left

rFire    . . .     SeeInvis .   a - +0 war axe
rCold    . . .     Faith    .   c - +0 kite shield
rNeg     . . .     Spirit   .   o - +0 plate armour
rPois    .         Reflect  .   (helmet restricted)
rElec    .         Harm     .   (no cloak)
rCorr    .         Rampage  .   (no gloves)
Will     .....                  (no boots)
Stlth    ..........             (no amulet)
HPRegen  0.15/turn              (no ring)
MPRegen  0.09/turn              (no ring)

@: no status effects
A: horns 2, retaliatory headbutt
a: no special abilities


You were on level 4 of the Dungeon.
You visited 1 branch of the dungeon, and saw 4 of its levels.

You collected 135 gold pieces.

Inventory:

Hand Weapons
 a - a +0 war axe (weapon)
Armour
 c - a +0 kite shield (worn)
 o - a +0 plate armour (worn)
Wands
 r - a wand of polymorph (14)
Scrolls
 b - 3 scrolls of identify {unknown}
 e - 2 scrolls of blinking {unknown}
 g - a scroll of enchant armour {unknown}
 h - a scroll of magic mapping {unknown}
 k - a scroll of teleportation {unknown}
 n - a scroll of enchant weapon {unknown}
 p - a scroll of fog {unknown}
 q - a scroll of acquirement {unknown}
 s - a scroll of fear {unknown}
Potions
 d - a potion of might
 f - a potion of attraction {unknown}
 i - 2 potions of curing {unknown}
 j - a potion of resistance {unknown}
 l - 2 potions of mutation {unknown}
 m - 2 potions of brilliance {unknown}


   Skills:
 + Level 4.6 Fighting
 + Level 4.4 Axes
 + Level 4.6 Armour
 + Level 0.7 Dodging
 + Level 4.9 Shields


You had 4 spell levels left.
You didn't know any spells.
Your spell library contained the following spells:

 Spells                   Type           Power      Damage    Failure   Level
 Animate Skeleton         Necr           0%         N/A       100%        1
 Apportation              Tloc           0%         N/A       100%        1
 Corona                   Hex            0%         N/A       100%        1
 Sting                    Tmut/Pois      0%         1d3       100%        1
 Summon Small Mammal      Summ           0%         N/A       100%        1
 Poisonous Vapours        Pois/Air       0%         N/A       100%        2
 Olgreb's Toxic Radiance  Pois           0%         N/A       100%        4


Dungeon Overview and Level Annotations

Branches:
Dungeon (4/15)
 Temple: D:4-7

Altars:


Innate Abilities, Weirdness & Mutations

You have a pair of horns on your head.
You reflexively headbutt those who attack you in melee.


Message History

There is an escape hatch in the floor here.
Found a fuming dark potion.
No target in view!
m - 2 fuming dark potions (gained 1)
Found a shiny bone wand.
No target in view!
r - a wand of polymorph (14) No target in view!
Found a war axe.
No target in view!
Found a scroll labelled QYUKHU GYMY.
No target in view!
s - a scroll labelled QYUKHU GYMY No target in view!
Found 7 gold pieces.
No target in view!
You now have 135 gold pieces (gained 7).
An ogre comes into view. It is wielding a +0 giant club.
Found 15 stones.
The ogre shouts!
An ogre is nearby!
An ogre is nearby!
The ogre hits you with a +0 giant club!!
An ogre is nearby!
You hit the ogre.
The ogre is lightly wounded.
The ogre hits you with a +0 giant club.
You are too injured to fight recklessly!
You hit the ogre.
The ogre is moderately wounded.
The ogre hits you with a +0 giant club!
* * * LOW HITPOINT WARNING * * *
You hit the ogre. You headbutt the ogre.
The ogre is heavily wounded.
The ogre hits you with a +0 giant club!
* * * LOW HITPOINT WARNING * * *
You closely miss the ogre.
The ogre is heavily wounded.
The ogre hits you with a +0 giant club!!
You die...

### ########
#..
##......#
#..
##...###.#
#..# ##...##
#.#
#...###...##
#@#
#.......##
#O#
##.....##
#.# ##.####
#(. #.# #..
#.# #... #.#
#... #.#
#.... #.#


You could see an ogre.

Vanquished Creatures
  A gnoll sergeant (D:3)
  Robin (D:3)
  3 gnolls
  2 adders (D:3)
  3 worms
  A dart slug (D:1)
  An orc (D:3)
  5 endoplasms
  3 giant cockroaches
  14 goblins
  6 hobgoblins
  4 quokkas
  5 ball pythons
  7 bats
  3 frilled lizards
  7 kobolds
  7 rats
73 creatures vanquished.

Notes
Turn   | Place    | Note
-------+----------+-------------------------------------------
     0 | D:1      | cbfl8 the Minotaur Fighter began the quest for the Orb.
     0 | D:1      | Reached XP level 1. HP: 19/19 MP: 0/0
   219 | D:1      | Reached XP level 2. HP: 27/27 MP: 1/1
   774 | D:1      | Found a faded altar of an unknown god.
   792 | D:1      | Found a faded altar of an unknown god.
  1087 | D:2      | Reached XP level 3. HP: 33/33 MP: 2/2
  1983 | D:3      | Noticed Robin
  2020 | D:3      | Reached XP level 4. HP: 26/40 MP: 3/3
  2264 | D:3      | Killed Robin
  2534 | D:3      | Noticed a gnoll sergeant
  2925 | D:3      | Killed a gnoll sergeant
  2926 | D:3      | Reached XP level 5. HP: 13/47 MP: 4/4
  3683 | D:4      | Noticed an ogre
  3690 | D:4      | Mangled by an ogre

Illustrated notes

Levels and vault maps discovered:
D:1:      minmay_arrival_wavy_path, layout_basic,
          hellmonk_ecumenical_altar_the_god_not_taken
D:2:      layout_basic, corexii_corridor_pit, minmay_pentomino_r2
D:3:      layout_loops_cross, uniq_robin
D:4:      black_bear_nest_2, layout_basic, lemuel_doored_altar, hex_large,
          uniq_sigmund

Skill      XL: |  1  2  3  4 |
---------------+-------------+-----
Shields        | 4 |  4.9
Axes           | 3 4 |  4.4
Armour         | 4 |  4.6
Fighting       | 4 |  4.6
Dodging        | |  0.7

Action                   |  1- 3 |  4- 6 || total
-------------------------+-------+-------++-------
Melee: War axe           |    98 |    91 ||   189
       Headbutt          |    10 |    20 ||    30
Armor: Scale mail        |    33 |       ||    33
       Plate armour      |    21 |    56 ||    77
Dodge: Dodged            |    24 |    14 ||    38
Block: Kite shield       |    57 |    52 ||   109
